 Dungeon Crawl Stone Soup version 0.30-a0-723-gc1506a1cf0 (webtiles) character file.

Game seed: 16198319952082416617

1201 timneilson the Covered (level 8, -9/48 HPs)
             Began as a Gargoyle Fighter on Jan 29, 2023.
             Mangled by an ice beast (14 damage)
             ... on level 5 of the Dungeon.
             The game lasted 00:08:11 (4605 turns).

timneilson the Covered (Gargoyle Fighter)           Turns: 4605, Time: 00:08:12

Health: -9/48      AC: 22    Str: 26 (27) XL:     8   Next: 44%
Magic:  8/8        EV:  7    Int:  7 (10) God:
Gold:   214        SH:  8    Dex:  7 (9)  Spells: 7/7 levels left

rFire   . . .      SeeInvis .    a - +1 long sword (protect)
rCold   . . .      Faith    .    m - +0 kite shield
rNeg    + . .      Spirit   .    n - +0 chain mail
rPois   ∞          Reflect  .    (no helmet)
rElec   +          Harm     .    (no cloak)
rCorr   .          Rampage  .    (no gloves)
Will    .....                    (no boots) Stlth
                                 (no amulet)
HPRegen 0.28/turn                k - +6 ring of strength
MPRegen 0.11/turn                (no ring)

@: under a protective aura
A: sickness immunity, AC +5, negative energy resistance 1, electricity
resistance, torment resistance 1, petrification resistance
a: no special abilities


You were on level 5 of the Dungeon.
You visited 1 branch of the dungeon, and saw 5 of its levels.

You collected 214 gold pieces.

Inventory:

Hand Weapons
 a - a +1 long sword of protection (weapon)
Armour
 j - a +0 plate armour
 m - a +0 kite shield (worn)
 n - a +0 chain mail (worn)
Jewellery
 k - a +6 ring of strength (left hand)
Wands
 h - a wand of flame (21)
Scrolls
 e - 2 scrolls of noise
 i - a scroll of enchant weapon
 p - a scroll of torment
 r - a scroll of teleportation
Potions
 b - a potion of invisibility
 f - a potion of flight
 g - 2 potions of lignification
 l - a potion of magic
 o - 2 potions of resistance


   Skills:
 + Level 4.8 Fighting
 * Level 4.5 Long Blades
 * Level 6.1 Armour
 + Level 2.3 Dodging
 * Level 6.0 Shields
 + Level 2.6 Evocations


You had 7 spell levels left.
You didn't know any spells.
Your spell library contained the following spells:

 Spells                   Type           Power      Damage    Failure   Level
 Apportation              Tloc           0%         N/A       100%        1
 Portal Projectile        Hex/Tloc       0%         N/A       100%        3
 Tukima's Dance           Hex            0%         N/A       100%        3
 Animate Armour           Summ/Erth      0%         N/A       100%        4
 Alistair's Intoxication  Tmut/Pois      0%         N/A       100%        5
 Blade Hands              Tmut           0%         N/A       100%        5
 Iron Shot                Conj/Erth      0%         9d1       100%        6


Dungeon Overview and Level Annotations

Branches:
Dungeon (5/15)
 Temple: D:4-7

Altars:

Shops:
D:1 ?[(

Portals:
Abyss: D:4

Annotations:
D:4 2 transporters, Newt's ghost, amateur DsGl


Innate Abilities, Weirdness & Mutations

You are immune to sickness and miasma.
Your stone body is resilient. (AC +5)
You are immune to poison.
You resist negative energy. (rN+)
You are resistant to electric shocks. (rElec)
You are resistant to unholy torment.
You are immune to petrification.


Message History

The gnoll hits you with a +0 spear.
You barely miss the gnoll.
The gnoll is moderately wounded.
You block the gnoll's attack. The gnoll closely misses you.
You hit the gnoll.
The gnoll is severely wounded.
You block the gnoll's attack.
You closely miss the gnoll.
The gnoll is severely wounded.
The gnoll hits you with a +0 spear.
You hit the gnoll.
The gnoll is severely wounded.
The gnoll hits you but does no damage.
You closely miss the gnoll.
The gnoll is severely wounded.
The gnoll hits you but does no damage. x2
You hit the gnoll.
The gnoll is almost dead.
The gnoll barely misses you.
You slash the gnoll!
You kill the gnoll!
The ice beast hits you but does no damage.
The ice beast attacks as you move away!
The ice beast hits you but does no damage.
Items here: ( ))) ††.
Items here: ( ))) [[[ ††.
You hit the ice beast but do no damage.
The ice beast hits you but does no damage. x2
You hit the ice beast but do no damage.
The ice beast hits you but does no damage.
You hit the ice beast but do no damage. The ice beast hits you.
The ice beast freezes you!
* * * LOW HITPOINT WARNING * * *
You barely miss the ice beast.
The ice beast hits you but does no damage.
You block the ice beast's attack.
You barely miss the ice beast. The ice beast hits you.
* * * LOW HITPOINT WARNING * * *
The ice beast freezes you!
You die...

..# #.# #.#
#.# #.#######
#)....... #)#
#Y# #@#
#.#### #.#..
#.#.#
#.#.###.#
#..)....# ##
##.###### ..
#)))..### #..
#####...#####
#..


You could see an ice beast.

Vanquished Creatures
  Sigmund (D:2)
  A water moccasin (D:5)
  Edmund (D:4)
  A phantom (D:5)
  A centaur (D:5)
  2 gnoll sergeants (D:5)
  A scorpion (D:4)
  Jessica (D:2)
  2 iguanas
  2 orc wizards
  9 adders
  16 gnolls
  A shadow imp (D:5)
  3 worms
  A dart slug (D:2)
  17 orcs
  8 endoplasms
  4 giant cockroaches (D:4)
  13 goblins
  6 hobgoblins
  9 jackals
  5 quokkas
  8 ball pythons
  3 bats
  2 frilled lizards
  8 kobolds
  3 rats
129 creatures vanquished.

Notes
Turn   | Place    | Note
-------+----------+-------------------------------------------
     0 | D:1      | timneilson the Gargoyle Fighter began the quest for the
                  | Orb.
     0 | D:1      | Reached XP level 1. HP: 14/14 MP: 1/1
     6 | D:1      | Found Simoiwe's Magic Scroll Shoppe.
    98 | D:1      | Found Josaqio's Weapon Shoppe.
   294 | D:1      | Reached XP level 2. HP: 16/19 MP: 2/2
   325 | D:1      | Found Dathritozerr's Antique Armour Emporium.
   489 | D:1      | Reached XP level 3. HP: 13/23 MP: 3/3
  1555 | D:2      | Reached XP level 4. HP: 26/28 MP: 4/4
  1614 | D:2      | Noticed Sigmund
  1622 | D:2      | Killed Sigmund
  1623 | D:2      | Reached skill level 1 in Dodging
  1623 | D:2      | Reached skill level 1 in Evocations
  1623 | D:2      | Reached XP level 5. HP: 28/33 MP: 5/5
  1623 | D:2      | Reached XP level 6. HP: 32/38 MP: 6/6
  1686 | D:2      | Noticed Jessica
  1714 | D:2      | Killed Jessica
  3045 | D:4      | Found a transporter.
  3081 | D:4      | Found a transporter.
  3151 | D:4      | Reached skill level 5 in Armour
  3151 | D:4      | Reached XP level 7. HP: 41/43 MP: 7/7
  3297 | D:4      | Noticed Edmund
  3348 | D:4      | Killed Edmund
  3349 | D:4      | Reached skill level 5 in Shields
  3599 | D:4      | Noticed Newt's ghost (amateur DsGl)
  3684 | D:4      | Found a one-way gate to the infinite horrors of the Abyss.
  3758 | D:5      | Entered Level 5 of the Dungeon
  4208 | D:5      | Reached XP level 8. HP: 34/48 MP: 8/8
  4346 | D:5      | HP: 2/48 [gnoll/+0 club[a gnoll sergeant] (6)]
  4605 | D:5      | Mangled by an ice beast

Illustrated notes

Levels and vault maps discovered:
D:1:      erik_arrival_orb_chamber, layout_loops_corners, serial_shops,
          shop_scrolls, nicolae_shop_stone, shop, serial_rivers,
          chequers_serial_rivers_large_b, chequers_serial_rivers_micro_c,
          chequers_serial_rivers_large_a, chequers_serial_rivers_micro_b,
          chequers_serial_rivers_micro_a, chequers_serial_rivers_micro_d,
          minivault_4, grunt_decor_cap
D:2:      layout_basic, uniq_jessica, uniq_sigmund
D:3:      layout_basic
D:4:      layout_basic, gammafunk_ghost_abyssal_escape, minmay_quantized,
          uniq_edmund
D:5:      layout_basic, minitemple, minmay_temple_entry_hall,
          minmay_misc_feat_cross

Skill      XL: |  1  2  3  4  5  6  7  8 |
---------------+-------------------------+-----
Long Blades    | 2 3 4 |  4.5
Armour         | 4 5 6 |  6.1
Dodging        | 1 2 |  2.3
Shields        | 4 5 6 |  6.0
Evocations     | 1 2 |  2.6
Fighting       | 4 |  4.8

Action                     |  1- 3 |  4- 6 |  7- 9 || total
---------------------------+-------+-------+-------++-------
  Melee: Long sword        |   142 |   259 |   300 ||   701
    Use: Scroll            |     4 |     8 |     3 ||    15
         Potion            |       |     1 |     5 ||     6
 Armour: Scale mail        |    65 |   118 |       ||   183
         Chain mail        |       |    88 |   232 ||   320
  Dodge: Dodged            |    81 |   156 |   118 ||   355
  Block: Buckler           |    34 |    84 |    22 ||   140
         Kite shield       |       |       |   116 ||   116

Table legend: (Time is in decaauts)
 A = Elapsed time spent in this place.
 B = Non-inter-level travel time spent in this place.
 C = Inter-level travel time spent in this place.
 D = Time resting spent in this place.
 E = Time spent auto-exploring this place.
 F = Levels seen in this place.
 G = Mean time per level.
                   A        B        C        D        E       F      G
               +--------+--------+--------+--------+--------+-----+--------+
         Total |   4853 |   4749 |    104 |    143 |   3186 |   5 |  970.6 |
       Dungeon |   4853 |   4749 |    104 |    143 |   3186 |   5 |  970.6 |
               +--------+--------+--------+--------+--------+-----+--------+

Top non-repeatable levels by time:
     D:1: 1343 daAuts
     D:3: 1020 daAuts
     D:5: 916 daAuts
     D:2: 833 daAuts
     D:4: 739 daAuts
